cohdb
Replays
Latest Replays
All Replays
Popular Replays
Top Player Replays
Match Explorer
How It Works
Community
CoH3 Stats
Reddit
Sign in to upload your games and track your stats! →
Sign in with Steam
Match 46337965
Unlisted
Match 46337965
Overview
Messages
Build Orders
End
Kradschützen Motorcycle Team
Panzergrenadier Squad
Panzergrenadier Squad
Construct Light Support Kompanie
Panzerjäger Squad
Fire Support Elements
Selects Panzerjäger Kommand Battlegroup
Selects Tank Busters
Selects Mine Fields
Panzerjäger Mechanized Group
Flakvierling Half-track
2.5-tonne Medical Truck
Selects Crew Shock Tactics
Vehicle Survival Package
Construct Panzerarmee Kommand
Panzerpioneer Squad
le.IG 18 Mechanized Group
Armored Reserves
Emergency Repair Kits
Walking Stuka Rocket Launcher
Nikname2303
Akkerman
Admiral Ding Dong
DebaKLeTV
0
0
Comments
sign in to comment!
No comments posted yet!